 Dungeon Crawl Stone Soup version 0.16.0-16-g311141a (webtiles) character file.

53 ketsa the Conjurer (level 3, 0/19 HPs)
             Began as a Deep Elf Conjurer on Mar 19, 2015.
             Slain by Robin
             ... wielding a +0 dagger
              (6 damage)
             ... on level 2 of the Dungeon.
             The game lasted 00:04:08 (1342 turns).

ketsa the Conjurer (Deep Elf Conjurer)              Turns: 1342, Time: 00:04:08

Health: 0/19       AC:  2    Str:  5    XL:     3   Next: 64%
Magic:  11/21      EV: 13    Int: 20    God:
Gold:   83         SH:  0    Dex: 15    Spells: 3 memorised, 5 levels left

rFire  . . .     SeeInvis .     (no weapon)
rCold  . . .     Clarity  .     a - +0 robe
rNeg   . . .     SustAb   .     (no shield)
rPois  .         Gourm    .     (no helmet)
rElec  .         Spirit   .     (no cloak)
rCorr  .         Warding  .     (no gloves)
rMut   .         Stasis   .     (no boots)
MR     .....                    (no amulet)
Stlth  ++........               (no ring)
                                l - ring of magical power

@: very slightly contaminated, not resistant to hostile enchantments, unstealthy
A: no striking features
a: no special abilities


You were on level 2 of the Dungeon.
You were not hungry.

You visited 1 branch of the dungeon, and saw 2 of its levels.

You collected 83 gold pieces.

Inventory:

Armour
 a - a +0 robe (worn)
 j - a +0 robe
Jewellery
 l - a ring of magical power (left hand)
 n - a cursed ring of loudness {unknown}
Scrolls
 e - a scroll of noise {unknown}
 g - 2 scrolls of identify {unknown}
 h - a scroll of random uselessness {unknown}
 i - a scroll of enchant weapon {unknown}
 k - a scroll of fear {unknown}
 m - a scroll of immolation {unknown}
Potions
 d - a potion of agility {unknown}
 f - 2 potions of curing {unknown}
Books
 c - a book of Conjurations

   Spells                             Type                      Level
   a - Magic Dart                     Conjuration                  1
   b - Searing Ray                    Conjuration                  2
   c - Dazzling Spray                 Conjuration/Hexes            3
   d - Fulminant Prism                Conjuration/Hexes            4
   e - Iskenderun's Mystic Blast      Conjuration                  4
   f - Iskenderun's Battlesphere      Conjuration/Charms           5
Comestibles
 b - 2 bread rations
 o - 2 chunks of flesh


   Skills:
 - Level 2.4 Dodging
 - Level 2.4 Stealth
 + Level 4.5 Spellcasting
 + Level 5.1 Conjurations


You had 5 spell levels left.
You knew the following spells:

 Your Spells              Type           Power        Failure   Level  Hunger
a - Magic Dart            Conj           ####         1%          1    None
b - Searing Ray           Conj           ####..       2%          2    #......
c - Dazzling Spray        Conj/Hex       ##......     14%         3    ##.....


Dungeon Overview and Level Annotations

Branches:
Dungeon (2/15)

Altars:
Trog

Annotations:
D:2 Ijyb, Robin


Message History

The searing ray hits the goblin.
You kill the goblin!
The goblin hits you but does no damage. Something throws the goblin at you!
Things that are here:
an uncursed hunting sling of freezing; 11 stones; a goblin corpse
Casting: Searing Ray
Confirm with . or Enter, or press ? or * to list all spells.
Aiming: Searing Ray
Press: ? - help, Shift-Dir - straight line, f - goblin
Aim: a goblin (consumed by blood-lust)
The searing ray misses the goblin.
The goblin hits you but does no damage.
A hobgoblin comes into view. It is wielding a club.
The searing ray hits the goblin.
The goblin is heavily wounded.
The hobgoblin shouts!
The goblin misses you.
The goblin goes into a battle-frenzy!
Something hits you.
You die...

.#............###.##.# ##
.....#.##.#.#.#......# #.
.###.#.##.......#.######### ##.
.###.#........###.##......# ##..
..##.####.....###.##..#.#.####.##
#.##># ##...).)..##...........#
#.##.# #...#######.#.##.####.##
.....# #...#######..........#..
..#### #.....g@(.###.#.####.###
..########....####g###.#.####....
........)..............)...##....
........>............g...........
.#..................##.#.........
.#.#######....####..##..#g###....
......# #..........###.#.# #####
.#.##.# #...######(# #g#.#
###.#.# #...# #......g.


You could see a hobgoblin (frenzied) and 2 goblins.

Vanquished Creatures
  Jessica (D:2)
  An adder (D:2)
  2 giant cockroaches
  2 hobgoblins (D:1)
  A jackal (D:1)
  A kobold (D:2)
  3 bats
  3 giant newts
  10 goblins
  3 rats
27 creatures vanquished.

Notes
Turn   | Place    | Note
--------------------------------------------------------------
     0 | D:1      | ketsa, the Deep Elf Conjurer, began the quest for the Orb.
     0 | D:1      | Reached XP level 1. HP: 10/10 MP: 5/5
   576 | D:1      | Reached XP level 2. HP: 15/15 MP: 4/8
   580 | D:1      | Learned a level 2 spell: Searing Ray
   805 | D:2      | Found a bloodstained altar of Trog.
   974 | D:2      | Noticed Ijyb
  1129 | D:2      | Reached XP level 3. HP: 17/19 MP: 12/12
  1134 | D:2      | Learned a level 3 spell: Dazzling Spray
  1235 | D:2      | Noticed Jessica
  1238 | D:2      | Noticed Robin
  1241 | D:2      | Killed Jessica
  1241 | D:2      | Reached skill level 5 in Conjurations
  1342 | D:2      | Slain by Robin

Action                   || total
-------------------------++-------
 Cast: Magic Dart        ||    46
       Searing Ray       ||     5
  Eat: Chunk             ||     1
